Map: Ley Lines

Players

KimChiLoVer - Winner!

  • Race: Terran Terran
  • Spawn Location: 7:00

VOD

Have the link to the VOD?

Description

Time

  • Played on: Aug. 9, 2025, 1:20 p.m.
  • Length: 10:30
Show
View Real Time Build Order
Export as new Build Order

KimChiLoVer Terran - Winner!

Build Orders: Reaper Expand 

Get SALT Encoding   

  12  0:02  SCV  
  12  0:15  SCV  
  12  0:18  Supply Depot  
  12  0:27  SCV  
  12  0:40  SCV  
  12  0:41  Barracks  
  12  0:45  Refinery  
  12  0:52  SCV  
  12  1:04  SCV  
  12  1:16  SCV  
  12  1:28  Orbital Command, Reaper  
  12  1:41  Command Center  
  12  1:51  Supply Depot  
  12  1:55  SCV  
  12  2:00  Marine  
  12  2:05  Factory  
  12  2:07  SCV  
  12  2:19  SCV  
  12  2:20  Refinery  
  12  2:26  Barracks  
  12  2:31  SCV  
  12  2:35  Barracks  
  12  2:43  SCV  
  12  2:49  Barracks Reactor  
  12  2:50  Factory Tech Lab  
  12  2:55  SCV, Orbital Command  
  12  3:08  SCV  
  12  3:21  Command Center  
  12  3:25  Stimpack  
  12  3:29  SCV  
  12  3:34  Marine x2  
  12  3:40  SCV  
  12  3:41  SCV  
  12  3:45  Marine x2  
  12  3:51  Starport  
  12  3:52  Marine  
  12  3:56  Marine  
  12  3:57  Factory Reactor, SCV  
  12  4:02  Engineering Bay  
  12  4:07  Engineering Bay  
  12  4:09  SCV  
  12  4:11  SCV  
  12  4:13  Marine  
  12  4:15  Marine  
  12  4:21  SCV, Supply Depot  
  12  4:26  Supply Depot  
  12  4:35  Orbital Command  
  12  4:41  Barracks  
  12  4:44  Barracks  
  12  4:51  Factory Tech Lab  
  12  4:52  Medivac x2  
  12  4:53  SCV  
  12  4:55  SCV  
  12  5:01  Terran Infantry Weapons Level 1  
  12  5:04  Terran Infantry Armor Level 1  
  12  5:05  SCV  
  12  5:11  Barracks Reactor  
  12  5:17  SCV  
  12  5:18  SCV  
  12  5:19  Combat Shield  
  12  5:25  Orbital Command  
  12  5:26  Refinery  
  12  5:27  Refinery, Marine  
  12  5:28  Marine x2  
  12  5:29  SCV  
  12  5:30  SCV  
  12  5:41  Siege Tank  
  12  5:42  Marine x2  
  12  5:45  Marine x2  
  12  5:53  SCV, Barracks  
  12  5:54  Barracks  
  12  5:56  Barracks  
  12  5:57  Armory  
  12  5:59  Barracks Tech Lab  
  12  6:05  SCV  
  12  6:10  SCV  
  12  6:17  SCV  
  12  6:20  Medivac x2  
  12  6:23  SCV x2  
  12  6:25  Refinery  
  12  6:28  Refinery  
  12  6:29  SCV  
  12  6:30  Barracks Tech Lab  
  12  6:31  Marauder  
  12  6:34  Supply Depot  
  12  6:35  SCV x2  
  12  6:38  Supply Depot  
  12  6:41  Supply Depot, SCV  
  12  6:42  Barracks Tech Lab  
  12  6:43  Barracks Reactor  
  12  6:44  Barracks Tech Lab  
  12  6:47  SCV  
  12  6:48  SCV  
  12  6:53  SCV  
  12  6:57  Siege Tank  
  12  6:58  Medivac  
  12  6:59  SCV  
  12  7:00  SCV  
  12  7:03  Supply Depot  
  12  7:04  Supply Depot  
  12  7:05  SCV  
  12  7:07  Terran Infantry Weapons Level 2  
  12  7:12  Terran Infantry Armor Level 2  
  12  7:18  SCV  
  12  7:22  SCV  
  12  7:23  SCV  
  12  7:28  Command Center  
  12  7:30  SCV  
  12  7:34  SCV, Barracks  
  12  7:36  Barracks  
  12  7:37  Barracks  
  12  7:40  Marine  
  12  7:41  Marine x3  
  12  7:46  SCV x2  
  12  7:53  Viking x2  
  12  7:58  SCV  
  12  7:59  SCV  
  12  8:01  Starport  
  12  8:02  SCV  
  12  8:05  Marine x4  
  12  8:10  SCV, Supply Depot  
  12  8:12  SCV  
  12  8:13  Supply Depot  
  12  8:14  SCV  
  12  8:22  SCV  
  12  8:24  SCV, Command Center  
  12  8:26  SCV  
  12  8:29  Concussive Shells  
  12  8:31  Marauder x2, Marine x4  
  12  8:36  Supply Depot  
  12  8:39  Supply Depot  
  12  8:45  Supply Depot  
  12  8:46  Supply Depot, Starport Reactor  
  12  8:49  Viking x2  
  12  8:51  Marauder, Marine  
  12  9:02  Marauder x2, Marine x4  
  12  9:05  SCV  
  12  9:10  Barracks Tech Lab x2  
  12  9:18  Marine x2  
  12  9:19  Marauder, Marine x2  
  12  9:20  Siege Tank, Marine x2  
  12  9:21  Barracks Reactor  
  12  9:24  Supply Depot  
  12  9:33  Marauder x2, Marine x4  
  12  9:36  Marine  
  12  9:44  Orbital Command  
  12  9:51  Marauder x2, Marine x4  
  12  9:54  Marauder  
  12  9:55  Marauder, Marine  
  12  10:11  Missile Turret  
Tags
 
Add a new tag
Caveats
  • Supply blocks, unpowered buildings, or Contaminate may cause inaccurate times.
  • Supply counts are checked every 10 seconds.